[Event "Tata Steel-A 80th"]
[Site "Wijk aan Zee"]
[Date "2018.01.23"]
[Round "9"]
[White "Mamedyarov, Shakhriyar"]
[Black "Kramnik, Vladimir"]
[Result "1/2-1/2"]
[ECO "C54"]
[WhiteElo "2804"]
[BlackElo "2787"]
[Annotator "Fernandez,D"]
[PlyCount "54"]
[EventDate "2018.01.13"]
[EventType "tourn"]
[EventRounds "13"]
[EventCountry "NED"]
[EventCategory "20"]
[SourceTitle "CBM 183"]
[Source "ChessBase"]
[SourceDate "2018.03.14"]
[SourceVersion "1"]
[SourceVersionDate "2018.03.14"]
[SourceQuality "1"]
[TimeControl "40/6000+30:20/3000+30:900+30"]

1. e4 e5 2. Nf3 Nc6 3. Bc4 Bc5 4. c3 Nf6 5. d3 O-O 6. O-O d5 7. exd5 Nxd5 8. a4 (8. Re1 Bg4 9. h3 Bh5 10. Nbd2 {is the main line,
and the jury is still out. Personally, following the trail of most-played
moves, I am sceptical of Black's concept after} Nb6 11. Bb5 f6 12. Ne4 Be7 13.
Ng3 $36) 8... Bf5 (8... Nb6 9. Bb5 Ne7 {is a fascinating
gambit line which I have already mentioned on this site.}) (8... a5 {is the
most played move, espoused by Aronian among others.}) 9. Re1 Nb6 10. Bb5 Ne7 {[%emt 0:01:16] This delayed
implementation of the gambit is based on a Dominguez game from a year ago, and
seems to equalise, albeit in slightly uninspiring fashion if White reacts
correctly.} 11. a5 (11. Nxe5 c6 12. Bc4 Nxc4 13. dxc4 Qxd1 14.
Rxd1 Ng6 $44 {is more dangerous for White than Black.}) (11. Rxe5 Bd6 12. Re1 (
12. Rxf5 Nxf5 13. d4 $44 {is a maximalist exchange sac, leading to a
strategically confusing game.}) 12... a6 13. Bc4 Nxc4 14. dxc4 c5 $11) 11... c6 12. axb6 cxb5 13. Be3 (13. Rxa7 Qxb6 14. Rxa8 Bxf2+ 15. Kh1 Rxa8 $15 {Mamedov,
R-Dominguez Perez,L Doha 2016}) (13. bxa7 $5 Bxa7 14. Be3 Bxe3 15. Rxa8 Bxf2+
16. Kxf2 Qxa8 17. Rxe5 $11) 13... axb6 14. Rxa8 Qxa8 15. Bxc5 bxc5 16.
Rxe5 Qd8 17. d4 (17. Rxc5 {
seems to improve slightly.} Bxd3 (17... Qxd3 18. Qxd3 Bxd3 19. Na3 $14 {
might now have been a little something.}) 18. Na3 $5 ({Following} 18. Nd4 Bxb1
19. Qxb1 b4 20. Rb5 $11 {we have transposed to the game.}) 18... Ng6 (18... Be4
19. Qxd8 Rxd8 20. h3 {is still inexplicably more pleasant for White.}) 19. Ne5
Bc4 20. Qxd8 Rxd8 21. f4 Nxf4 22. Naxc4 bxc4 23. Nxc4 $11 {The endgame is
roughly equal, but the imbalance can only favour White in the event of
slightly sub-optimal play from either side.}) 17... cxd4 (
17... b6 $5 {tries to keep something in the position, but after the accurate}
18. Qe1 Be6 19. Ng5 {Black is forced into a slightly speculative pawn
sacrifice:} Ng6 20. Nxe6 fxe6 21. Rxe6 Nf4 $44) 18. Nxd4 Bxb1 19. Qxb1 b4 (19... Nc6 20.
Rxb5 Nxd4 21. cxd4 Qxd4 22. Rxb7 Re8 23. h3 $14) 20. Rb5 $11 {[%emt 0:03:34]
As far as I can see, White's tenuous grip on an edge has now completely gone,
and there is also 19...Nc6 to think about, but nevertheless for a few moves
his position is marginally more pleasant. We have transposed to the game.} bxc3 21. bxc3 Nd5 22. Qd3 ({Following} 22. Qb3 Qe8 $1 $11 {Black infiltrates to e1 and
takes c3 for b7 anyway.}) 22... Nf4 23. Qf3 Ne6 24. Rxb7 (24. Qe4 Nxd4 25. Qxd4 Qxd4 26.
cxd4 Re8 27. Kf1 Re7 $11) (24. Nxe6 $5 {demands a bit of precision.} Qd2 $1 (
24... fxe6 25. Qe2 Qc8 26. h3 $14) 25. h3 fxe6 26. Qe3 Qxe3 27. fxe3 Rc8 28.
Rxb7 Rxc3 29. Kf2 $11 {The proper computer evaluation of this position is +/=
due to White's better king, but in practice this is almost totally drawn.})
24... Nxd4 25. cxd4 Qxd4 {[%emt 0:00:07] Now
two further unnecessary moves were played.} 26. g3 g6 27. h4 h5 1/2-1/2

[Event "Tata Steel-A 80th"]
[Site "Wijk aan Zee"]
[Date "2018.01.23"]
[Round "9"]
[White "Matlakov, Maxim"]
[Black "Giri, Anish"]
[Result "0-1"]
[ECO "A07"]
[WhiteElo "2718"]
[BlackElo "2752"]
[Annotator "Fernandez,D"]
[PlyCount "78"]
[EventDate "2018.01.13"]
[EventType "tourn"]
[EventRounds "13"]
[EventCountry "NED"]
[EventCategory "20"]
[SourceTitle "CBM 183"]
[Source "ChessBase"]
[SourceDate "2018.03.14"]
[SourceVersion "1"]
[SourceVersionDate "2018.03.14"]
[SourceQuality "1"]
[TimeControl "40/6000+30:20/3000+30:900+30"]

1. Nf3 d5 2. g3 Bg4 3. Bg2 {[%emt 0:01:58] One of the great things about these
slightly unassuming openings is that an annotator can start to make meaningful
comments right from the word 'go'.} c6 4. O-O Nd7 5. h3 (5. c4 Bxf3 6. Bxf3 Ne5 $11 {
is a motif worth bearing in mind.}) 5... Bh5 {[%emt 0:00:06] Perhaps nothing
at this level, but nevertheless an indication that Black is not trying to hold
a draw.} 6. d4 e6 7. c4 Be7 8. Nc3 (8. cxd5 exd5 9. Nc3 Ngf6 10. Nh4 {
Vachier-Lagrave, M-Gunina,V Gibraltar 2016, could be one way to introduce the
bishop-for-knight imbalance anyway.}) 8... dxc4 {[%emt 0:01:27] But this is
the really comment-worthy point. Anish Giri has decided to play for a win.} (
8... Ngf6 {was normal, obviously.}) 9. b3 cxb3 10. Qxb3 Qb6 (10... Ngf6 {was a slightly
strange reaction from a top player a year ago, considering the strategic
importance of the b7-pawn. Following} 11. Qxb7 O-O 12. Bf4 Qa5 13. g4 Bg6 14.
g5 Nh5 15. Bd2 Rfd8 16. Qxc6 (16. Rfc1 $14) 16... Rac8 17. Qb5 Qxb5 18. Nxb5 a6
$11 {Eljanov,P-So,W Shamkir 2017 Black nevertheless equalised.}) 11. Qa4 Ngf6 12. Rb1 Qc7 13. Bf4 Qc8 14. Rfc1 (
14. Qb3 {After} Bg6 15. Rb2 Nb6 16. Ne5 $44 {for instance Black's position is
slightly unpleasant and White has at least full compensation.}) 14... O-O 15. Qb3 {[%emt 0:05:39] Seemingly forcing some concessions,
but there is a relatively clever tactical defence of the b7-pawn available.}
Bg6 16. Rb2 Rd8 $1 {[%emt 0:02:49] Black has
already equalised. There is no easy way to disentangle the White pieces. So
White goes for a slow one.} 17. a4 $1 (17. Nh4 Nb6 18. Be5
Nfd7 $15) (17. Nd2 {is no good immediately:} Nb6 $15) 17... a5 18. Nd2 Nh5 $6 (18... Nf8 $5 19. Nc4 (19. Be5
N6d7 20. Bf4 Bb4 $132) 19... Rxd4 $1 {A natural exchange sacrifice. Now} 20.
Nb6 Qd8 21. Nxa8 Rb4 22. Qa2 Qxa8 $44 {is easier for Black to play, even if
objectively equal.}) 19. Be3 Nhf6 20. Nc4 $14
{[%emt 0:05:11] White gets ambitious, and right now it seems justifiable.} Nd5 21. Qxb7 Bb4 22. Qxc8 Raxc8 $6 {[%emt 0:00:22] An objectively dubious but
competitively understandable move.} (22... Rdxc8 23. Na2 c5 24. dxc5 Bxc5 25.
Bxc5 Rxc5 26. Rb7 $36 {might not be so terrible, but Black lacks winning
chances.}) 23. Na2 Nxe3 24. fxe3 c5 25. Nd6 (25. Rd1 $1 {was the
computer-precise move, adding to the pawn tension in the centre and
threatening to open the c-file since there is now longer a pin there. For
instance:} Nf6 (25... cxd4 26. Nxb4 axb4 27. Rxb4 dxe3 28. Nxe3 Nc5 29. Rxd8+
Rxd8 30. a5 $16) 26. Nxb4 cxb4 27. Nxa5 $16) 25... Ba3 $1 26.
Nxc8 Bxb2 27. Ne7+ Kf8 28. Nxg6+ hxg6 29. Rc2 Ba3 30. Bc6 (30. Nc3 {
and Nb5 looks natural to me, and White is probably still equal or as near as
makes no difference. Presumably the scare was over} cxd4 31. exd4 Rc8 {but
White has the calm} 32. Be4 $11 {and then Nb5 anyway.}) 30... cxd4 31. exd4 Rc8 32. e3 Ke7 33. Kf1 Bd6 34. g4 Nb6 35. Rc1 $2 {[%emt 0:03:05] The finish is now
clinical in what was until now just a slightly unpleasant position.} (35. Ke2
Rh8 $1 $15 {illustrates one problem.}) (35. Kf2 f5 36. Nc1 Nd5 37. Nd3 Kf6 $15
{is also gradually getting worse for White.}) 35... Ba3 36.
Rc3 Bb4 37. Nxb4 axb4 38. Rc5 b3 $19 {[%emt 0:02:00] Black is
winning a piece. White played one more move:} 39. a5 Nd7 {
[%emt 0:03:17] and then promptly resigned.} 0-1

[Event "Tata Steel-A 80th"]
[Site "Wijk aan Zee"]
[Date "2018.01.23"]
[Round "9"]
[White "So, Wesley"]
[Black "Svidler, Peter"]
[Result "1/2-1/2"]
[ECO "D02"]
[WhiteElo "2792"]
[BlackElo "2768"]
[Annotator "Fernandez,D"]
[PlyCount "75"]
[EventDate "2018.01.13"]
[EventType "tourn"]
[EventRounds "13"]
[EventCountry "NED"]
[EventCategory "20"]
[SourceTitle "CBM 183"]
[Source "ChessBase"]
[SourceDate "2018.03.14"]
[SourceVersion "1"]
[SourceVersionDate "2018.03.14"]
[SourceQuality "1"]
[TimeControl "40/6000+30:20/3000+30:900+30"]

1. d4 Nf6 2. Nf3 g6 3. Nbd2 {[%emt 0:03:04] Home-made chess it is today! It is a
relief to see one of the world elite players trying out an 'interesting' 3rd
move in this position - there are many which have appealed to me and other
theory-lite players in the past, including Bg5, c3, b4...} ({It would be
remiss of me not to mention the 'Old Speckled Egg' setup, pioneered by my
fellow English GM, Keith Arkell. The idea is similar to those of the text.} 3.
b4 Bg7 4. Bb2 O-O 5. Nbd2 d6 $1 {Against ...d5 setups, White obtains an easier
position!} 6. e3 c5 $11 {Fernandez,D-Ghasi,A chess. com INT 2017, Black had
equalised and ultimately won.}) 3... d5 4. e3 (4. b4 $5 {is interesting if we bear the above note in mind. For instance, now}
Bg7 5. Bb2 O-O 6. e3 Bf5 7. c4 a5 8. b5 {leaves Black a bit short of plans, so
Black might have to play more directly, for instance with 4...a5.}) 4... Nc6 {
[%emt 0:15:09] Among other things, this move prevents b4, but it is hard to
find plans for Black in what follows.} 5. b3 Bg7 6. Bb2 O-O 7. Be2 a5 8. a3 (8. c4 {attempts to call Black's bluff:}
a4 {is not that threatening since after} 9. bxa4 {the pawn will prove rather
hard to regain.}) 8... b6 (8... Ne4 9. c4 Nxd2 10. Qxd2 $14)
9. O-O e6 10. c4 Ne7 11. cxd5 {[%emt 0:08:38] Allowing Black's light-squared bishop
to develop on its preferred diagonal.} ({We have nevertheless reached a
vaguely Catalan-esque position, in which White tends to keep the central pawn
tension until an advantageous moment, so} 11. Qc2 $5 {deserved consideration.
There could follow:} c6 12. Rac1 Ba6 13. Rfd1 Rc8 14. Qb1 $14 {and White has a
good version of the Catalan, because ...c5 is almost impossible to arrange.})
11... exd5 12. b4 c6 13. Rc1
{[%emt 0:03:21] A slightly strange move, conceding the a-file and hence
equality.} (13. b5 {was the most principled. Doubtless, Black has in mind the
equally principled} cxb5 14. Bxb5 Bd7 {but here White can pretend to have an
edge, e.g.} 15. Bxd7 Qxd7 16. a4 $32 {when if nothing else, the queenside pawn
structure bodes well for an endgame.}) 13... axb4 14. axb4 b5 {[%emt 0:00:07] Black keeps it solid, since ...Ne8-d6-c4 is
not too hard to arrange for him.} 15. Nb3 (15. Ne5 Qd6 16. Qc2
$5 {was an interesting and quite maximalist pawn sacrifice.}) 15... Ra2 16. Bc3 Ne4 17. Be1 (17. Nfd2 Nxc3 18. Rxc3 Qd6 $11 {still leads to an equal position-
White has two knights but only one useful outpost!}) 17... Ra6 {[%emt 0:04:15]
From a human point of view, it is sensible to cut out Na5 options with the
attendant rook-traps, and also protect the c6-pawn.} (17... Bg4 $5 18. h3 Bxf3
19. Bxf3 Nd6 $11 {is equal for precisely the same reason as the last note.})
18. Nc5 Rb6 $6 {[%emt 0:03:00] Solid to a fault.} (18... Nxc5
19. Rxc5 Qd6 {might have been slightly more unpleasant for White to play - c6
is not easy to hit, and Black's doubling on the a-file comes quickly.}) 19. Ra1 Bg4 20. h3 Bxf3 21. Bxf3 Nxc5 22. bxc5 Rb8 {[%emt 0:01:12] Now if we are looking at the position seriously, White has
a slight edge, though quite how to prosecute it is not clear.} 23. Ra7 (23. Qc2 Ra8 24. Bb4 Qd7 25. Ra2 Ra7 26. Rfa1 Rfa8 27. Be2 $14
{followed by kingside pawn pushes might be the best way to try- Black has no
counterplay and while his position is tremendously solid, he has no option
other than staying solid.}) 23... Ra8 24. Qa1 Qb8 (24... Rxa7 $5 25. Qxa7 Nf5 26. Bb4 Qg5 $132) 25. Rxa8 Qxa8 26. Bb4 Qb7 27. Qc3 Ra8 28. Ra1 h5 29. g4 {[%emt 0:02:04] Now play looks similar to two notes
ago, but Black is closer to arranging the major-piece swaps in a good way.}
hxg4 30. hxg4 f5 31. Rxa8+ Qxa8 32. Qa3 Qc8 {[%emt 0:03:
48] On principle, with White having played kingside pawn pushes, it is correct
to keep queens on.} (32... Qxa3 $5 33. Bxa3 f4 $11 {was a way for Black to
think about maybe, eventually, winning-on a good day with a following wind,
and if and only if White tries to win with a pawn break.}) 33. gxf5 Qxf5 34. Kg2 g5 {[%emt 0:02:02] The
position is now completely balanced and it is for White to force a draw before
Black develops real play with ...Ng6 or ...g4.} 35. Be2 Qe4+ (35... Ng6 36. Qd3 $1 $11) 36. Bf3 Qf5 37. Be2 Qe4+ 38. Bf3 1/2-1/2

[Event "Tata Steel-A 80th"]
[Site "Wijk aan Zee"]
[Date "2018.01.24"]
[Round "10"]
[White "Giri, Anish"]
[Black "Karjakin, Sergey"]
[Result "1/2-1/2"]
[ECO "E00"]
[WhiteElo "2752"]
[BlackElo "2753"]
[Annotator "Fernandez,D"]
[PlyCount "51"]
[EventDate "2018.01.13"]
[EventType "tourn"]
[EventRounds "13"]
[EventCountry "NED"]
[EventCategory "20"]
[SourceTitle "CBM 183"]
[Source "ChessBase"]
[SourceDate "2018.03.14"]
[SourceVersion "1"]
[SourceVersionDate "2018.03.14"]
[SourceQuality "1"]
[TimeControl "40/6000+30:20/3000+30:900+30"]

1. d4 Nf6 2. c4 e6 3. g3 Bb4+ 4. Nd2 {[%emt 0:00:00]
Maybe similarly to yesterday, Anish Giri goes for the creation of a slight
imbalance. 4.Bd2 is played more often.} c5 {[%emt 0:00:45] And Karjakin does
not object. In principle, if one plays these ...Bb4 lines, be they in the
Ragozin, Nimzo-Indian, Bogo-Indian or even something else, one should not
object to giving up this bishop for a knight and then arranging all one's
pawns on dark squares.} (4... d5 5. Bg2 O-O 6. Ngf3 b6 7. O-O Bb7 {is another
normal way to play this position with Black.}) 5. a3 Bxd2+ 6. Qxd2 cxd4 7. Nf3 (7. Qxd4 Nc6 8. Qd3 O-O 9. Bg2 d5 $11) 7... d5 (7...
b6 $5 8. Nxd4 Bb7 9. f3 $132 {could lead to some kind of almost Maroczy-like
play}) 8. Bg2 dxc4 9. Qxd4 Qxd4 10. Nxd4 O-O {[%emt 0:00:08] The
position is now 'more open than closed' and so I would probably slightly
prefer to be White, but very accurate play is needed to make anything of this.}
11. Be3 (11. Bg5 $5 e5 12. Nb5 Nc6 13. Rd1 $14 {is maybe one
way to go; White will choose soon whether to play with Bxf6, Nd6 etc or with
Be3, h3, Nc3, 0-0 and try and make use of the bishop pair only once the rooks
come off. The Catalan bishop always guarantees at least sufficient
compensation.}) 11... Nd5 12. Rc1 (12. O-O $5
Nxe3 13. fxe3 e5 $11 {is creative but probably nothing.}) 12... c3 $1 (12... Nxe3 13. fxe3 e5 14. Nb5 Nc6 15. Nd6 $14) 13. b3 Nxe3 14. fxe3 Nd7 15. Rxc3 Rd8 16. O-O Nf6 17. Rc7 (17. Nf3 $5 $14 {is a counter-intuitive machine
suggestion that makes a lot of sense once you look at it a few times, but in
any case Black might be able to neutralise the pressure with the standard
bishop-for-knight swap, because the machine overrates bishops. For instance:}
Bd7 18. Ne5 Rac8 19. Rxc8 Rxc8 {and Black is getting nice and active, whether
White accepts the unusual swap offer or not.}) 17... Rb8 $1 {[%emt 0:00:05] An
ugly but necessary move, and after a few more similar ones it transpires that
White is not better.} 18. Nb5 a5 19. Na7 Bd7 20. Rd1 (20. Rxb7 $2 Rxb7
21. Bxb7 Rb8 $15) 20... b6 {[%emt 0:09:07] With equality.} 21. Bc6 Bxc6 22. Rxd8+ Rxd8 23.
Nxc6 Rd1+ 24. Kg2 h5 25. Ne5 Ng4 (25... Re1 $5 {
might deserve consideration at lower levels, to try and play on based on
White's structure.}) 26. Nxg4 $11 {[%emt 0:01:56] The rook endgame is almost
completely equal, with White's activity counterbalanced by a structural issue.}
1/2-1/2

[Event "Tata Steel-A 80th"]
[Site "Wijk aan Zee"]
[Date "2018.01.24"]
[Round "10"]
[White "Jones, Gawain C B"]
[Black "Anand, Viswanathan"]
[Result "0-1"]
[ECO "B22"]
[WhiteElo "2640"]
[BlackElo "2767"]
[Annotator "Fernandez,D"]
[PlyCount "80"]
[EventDate "2018.01.13"]
[EventType "tourn"]
[EventRounds "13"]
[EventCountry "NED"]
[EventCategory "20"]
[SourceTitle "CBM 183"]
[Source "ChessBase"]
[SourceDate "2018.03.14"]
[SourceVersion "1"]
[SourceVersionDate "2018.03.14"]
[SourceQuality "1"]
[TimeControl "40/6000+30:20/3000+30:900+30"]

1. e4 c5 2. c3 {[%emt 0:00:00] Another rare
guest at the top levels, but Gawain Jones is nothing if not a connoisseur of
anti-Sicilians.} Nf6 3. e5 Nd5 4. Nf3 Nc6 5. Bc4 (5.
d4 {is marginally more popular, but has been largely de-fanged.}) 5... Nb6 6. Bb3 c4 {[%emt 0:00:06] Seizing control of
c4 now gives White slightly fewer options and makes clear that Black is
playing for a win.} (6... d6 7. exd6 Qxd6 8. Na3 $5 {is an interesting idea,
seen in a number of elite games. For instance,} Be6 9. d4 Bxb3 10. Qxb3 cxd4
11. Nb5 Qb8 12. Nbxd4 $36 {Nakamura,H-Nepomniachtchi, I Baku 2015}) 7. Bc2 d6 8. exd6 Qxd6 (8... e5 $5 {is even more militantly maximalist, but it is a bit
unncessary and could come unstuck, e.g.} 9. a4 Bxd6 10. O-O Be6 11. d3 h6 12.
a5 Nc8 13. a6 $14 {Howell,D-Lazarev,V France 2006}) 9. O-O Bg4 10. h3 Bh5 11. Re1 O-O-O 12. Be4 {[%emt 0:07:24] Discouraging all kinds
of ...Qf6 ideas. This move has far more to it than meets the eye.} (12. b3 Qf6
13. bxc4 $132 {brings about an interesting imbalance}) (12. Na3 {could be
another implementation of the game idea:} Qf6 13. Be4 Ne5 14. g4 $132 {
Vysochin, S-Kokarev,D Olginka 2011}) 12... e6 (12... Qd7 $5 {
might be a slight improvement.} 13. b3 f5 14. Bxc6 (14. Bc2 e5 $17) 14... Qxc6
15. Qc2 $1 (15. g4 fxg4 16. Ne5 Qf6 17. hxg4 Be8 $132 {should practically
favour Black}) 15... Bxf3 16. Qxf5+ e6 17. Qxf3 Qxf3 18. gxf3 Rd3 $44 {Black
has good compensation, and practical chances based on White's exposed king,
but I don't think he is actually better.}) 13. b3 f5 14. Bc2 g6 15. bxc4 e5 16. d4 $6 (16. d3 {keeps chances of a
slight objective edge, although neither I nor the engine properly understand
Black's pawn sacrifice.}) 16... exd4 17. Bg5 Bg7 $1 {[%emt 0:07:59] A really powerful exchange sacrifice, which must have
been underestimated.} (17... d3 18. Bb3 Be7 $11) 18. Bxd8 Rxd8 19. Qd3 Qf4 $17 {[%emt 0:06:18] White finds
it impossible to disentangle because of the pressure on the long diagonal.} 20.
Qd2 (20. Na3 dxc3 21. Qe3 {might have been a better wriggle.})
20... Qxd2 21. Nbxd2 dxc3 22. Nb3 Bxf3 23. gxf3 Nb4 24. Re2 Nxc4 {[%emt 0:01:02] Now Black has
reached material parity, and the difference in quality of pieces is obvious.
Nevertheless, it is not so clear how precisely Black should push the queenside
pawns.} 25. Rc1 b5 26. Na1 Bh6 27. Rb1 a5 28. Kg2 Nd2 29. Rbe1 Bf4 {[%emt 0:02:
48] Fully under control. White can barely move. The rest is just good 
(although not tricky) technique.} 30. Re7 Rd7 31. Re8+ Kc7 32. Ra8 a4 33. Re6 Kb7 34. Rae8 Bd6 35. Bd1 Nd5 36. Re1 Nf4+ 37. Kh1 Bc5 38. Be2 Nxe2 39. R1xe2 b4 40. R2e5 Rc7 {[%emt 0:00:
47] The time control was reached and despite still not being material down,
there is precious little White can do about ...b3 et cetera, so he resigned.}
0-1